Workbook

Sheet Summary
A1: Neighbors Link Corp
A2: Actual vs. Budget: YTD April 2025
A3: Cash Basis
B4: YTD Actual | D4: YTD Budget | F4: Over (Under) Budget | H4: 2025 Approved Budget
A6: Individual Contributions | B6: =+Budget!B12 -> 263263.13 | D6: =+Budget!C12 -> 347335 | F6: =+B6-D6 -> -84071.87 | G6: Timing $200k Schwartz not yet rec'd; overall volume/amts up | H6: 550000
A7: Campaign | B7: =+Budget!B14+Budget!B15 -> 258250 | D7: =+Budget!C14+Budget!C15 -> 200250 | F7: =+B7-D7 -> 58000 | G7: Manocherian $100k (not in budget) | H7: 1800000
A8: Annual Appeal | B8: =+Budget!B18 -> 89008 | D8: =+Budget!C18 -> 89008 | F8: =+B8-D8 -> 0 | H8: 530000
A9: Estate Gifts | B9: =+Budget!B13 -> 0 | D9: =+Budget!C13 -> 0 | F9: =+B9-D9 -> 0 | H9: 82000
A10: Organizations/Matching | B10: =+Budget!B23+Budget!B19 -> 34606.88 | D10: =+Budget!C23+Budget!C19 -> 28314.17 | F10: =+B10-D10 -> 6292.71 | H10: 60000
A11: Foundations | B11: =+Budget!B25+Budget!B27 -> 903717.37 | D11: =+Budget!C25+Budget!C27 -> 664250 | F11: =+B11-D11 -> 239467.37 | G11: Timing -$175k early; Up for yr - 2 new grants $35k & addt'l $25k Hughes | H11: 1327375
A12: MAP Direct Client Distributions | B12: =+Budget!B26 -> 980525.54 | D12: =+Budget!C26 -> 972638.06 | F12: =+B12-D12 -> 7887.48 | H12: 1800000
A13: Government | B13: =+Budget!B28 -> 808503.29 | D13: =+Budget!C28 -> 1296317 | F13: =+B13-D13 -> -487813.68 | G13: Timing-Slow paying $260k ONA & $215k NYIC | H13: 3766455
A14: Program Income | B14: =+Budget!B39 -> 7910 | D14: =+Budget!C39 -> 12000 | F14: =+B14-D14 -> -4090 | H14: 39825
A15: Special Events-Spring Benefit | B15: =+Budget!B46 -> 193645.66 | D15: =+Budget!C46 -> 100000 | F15: =+B15-D15 -> 93645.66 | G15: Timing- Invitations just out but early ticket sales encouraging | H15: 600000
A16: Special Events-Fall Fundraiser | B16: =+Budget!B51 -> 0 | D16: =+Budget!C51 -> 0 | F16: =+B16-D16 -> 0 | H16: 80000
A17: Use of Space/Reimbursements | B17: =+Budget!B55 -> 407 | D17: =+Budget!C55 -> 0 | F17: =+B17-D17 -> 407 | H17: 0
A18: Interest/Other Income | B18: =+Budget!B278-Budget!B275 -> 229452.41 | D18: =+Budget!C278-Budget!C275 -> 113206.47 | F18: =+B18-D18 -> 116245.94 | G18: $196k int/div, $34k realized; excludes unrealized gains/losses | H18: 200000
A19: Prior Year Surplus/Misc Income | B19: =+Budget!B59 -> 5422.63 | D19: =+Budget!C59 -> 0 | F19: =+B19-D19 -> 5422.63 | H19: 0
A20: Total Revenue | B20: =SUM(B6:B19) -> 3774711.9 | D20: =SUM(D6:D19) -> 3823318.7 | F20: =+B20-D20 -> -48606.76 | H20: =SUM(H6:H19) -> 10835655
A21: Map Direct Client Distributions | B21: =-Budget!B26 -> -980525.54 | D21: =-Budget!C26 -> -972638.06 | F21: =+B21-D21 -> -7887.48 | H21: =-H12 -> -1800000
A22: Adjusted Revenue | B22: =SUM(B20:B21) -> 2794186.4 | D22: =SUM(D20:D21) -> 2850680.6 | F22: =+B22-D22 -> -56494.24 | G22: Adjusted Revenue $56k below budget | H22: =+H20+H21 -> 9035655
A24: Personnel Expenses:
A25: Salary and Payroll | B25: =+Budget!B141 -> 1804177.3 | D25: =+Budget!C141 -> 1821061.5 | F25: =+B25-D25 -> -16884.18 | G25: 3 new positions budgeted since Jan -two hired in March | H25: 5735747
A26: Payroll Taxes | B26: =+Budget!B144 -> 176950.26 | D26: =+Budget!C144 -> 161298.61 | F26: =+B26-D26 -> 15651.65 | H26: 458860
A27: Employee Benefits | B27: =+Budget!B154 -> 189703.49 | D27: =+Budget!C154 -> 196631.81 | F27: =+B27-D27 -> -6928.32 | H27: 586000
A28: Contract Program Services | B28: =+Budget!B157 -> 23958.6 | D28: =+Budget!C157 -> 20498.91 | F28: =+B28-D28 -> 3459.69 | H28: 61010
A29: Contract Admin. Services | B29: =+Budget!B163 -> 32443.23 | D29: =+Budget!C163 -> 34214.99 | F29: =+B29-D29 -> -1771.76 | H29: 109810
A31: Total Personnel Expenses | B31: =SUM(B25:B30) -> 2227232.9 | D31: =SUM(D25:D30) -> 2233705.8 | F31: =SUM(F25:F30) -> -6472.92 | G31: Personnel Expenses $6k under budget | H31: =SUM(H25:H30) -> 6951427
A33: Operating Expenses:
A34: Program | B34: =+Budget!B207-Budget!B204 -> 207364.19 | D34: =+Budget!C207-Budget!C204 -> 187360.94 | F34: =+B34-D34 -> 20003.25 | G34: Unbudgeted Legal Server software $27k | H34: 695850
A35: MAP Direct Client Distributions | B35: =+Budget!B204 -> 980525.54 | D35: =+Budget!C204 -> 972638.06 | F35: =+B35-D35 -> 7887.48 | H35: 1800000
A36: Lease | B36: =+Budget!B212 -> 87088.11 | D36: =+Budget!C212 -> 87223.41 | F36: =+B36-D36 -> -135.3 | H36: 345778
A37: Utilities | B37: =+Budget!B220 -> 33930.43 | D37: =+Budget!C220 -> 33607.78 | F37: =+B37-D37 -> 322.65 | H37: 92400
A38: Maintenance | B38: =+Budget!B226 -> 10407.31 | D38: =+Budget!C226 -> 10407.77 | F38: =+B38-D38 -> -0.46 | H38: 27500
A39: Capital Expenses | B39: =+Budget!B231 -> 665092.44 | D39: =+Budget!C231 -> 367161.62 | F39: =+B39-D39 -> 297930.82 | G39: Leasehold Imp. for new bldg over budget; offset by addt'l revenue funding | H39: 760500
A40: Office Supplies | B40: =+Budget!B232 -> 13805.22 | D40: =+Budget!C232 -> 12238.19 | F40: =+B40-D40 -> 1567.03 | H40: 45000
A41: Insurance | B41: =+Budget!B236 -> 12350.35 | D41: =+Budget!C236 -> 10601.65 | F41: =+B41-D41 -> 1748.7 | H41: 110000
A42: Marketing | B42: =+Budget!B241 -> 3058.46 | D42: =+Budget!C241 -> 3598.06 | F42: =+B42-D42 -> -539.6 | H42: 26000
A43: Fundraising | B43: =+Budget!B250 -> 38073.42 | D43: =+Budget!C250 -> 42610.9 | F43: =+B43-D43 -> -4537.48 | G43: Expenses for Spring event | H43: 207500
A44: Other Expenses | B44: =+Budget!B261 -> 98299.54 | D44: =+Budget!C261 -> 113036.5 | F44: =+B44-D44 -> -14736.96 | G44: Timing | H44: 337500
A45: Special Projects | B45: =+Budget!B266 -> 19009.33 | D45: =+Budget!C266 -> 31946.41 | F45: =+B45-D45 -> -12937.08 | G45: Timing-Not using PR consultant currently | H45: 84000
A46: Total Operating Expenses | B46: =SUM(B34:B45) -> 2169004.3 | D46: =SUM(D34:D45) -> 1872431.3 | F46: =+B46-D46 -> 296573.05 | G46: Operating Expenses $297k over budget | H46: =SUM(H34:H45) -> 4532028
A47: Total Expenses | B47: =+B31+B46 -> 4396237.3 | D47: =+D31+D46 -> 4106137.1 | F47: =+B47-D47 -> 290100.13 | G47: Total Expenses $290k over budget | H47: =+H31+H46 -> 11483455
A48: Map Direct Client Distributions | B48: =-Budget!B204 -> -980525.54 | D48: =-Budget!C204 -> -972638.06 | F48: =+B48-D48 -> -7887.48 | H48: =-H35 -> -1800000
A49: Adjusted Expenses | B49: =SUM(B47:B48) -> 3415711.7 | D49: =SUM(D47:D48) -> 3133499.1 | F49: =SUM(F47:F48) -> 282212.65 | G49: Adjusted Expenses $282k over budget | H49: =+H47+H48 -> 9683455
A51: Net Income (Loss) | B51: =+B22-B49 -> -621525.35 | D51: =+D22-D49 -> -282818.46 | F51: =+F22-F49 -> -338706.89 | G51: Net loss $339k over budget | H51: =+H22-H49 -> -647800
A54: CASH FLOW | B54: YTD Actual | D54: YTD Budget | G54: CASH AND INVESTMENTS | H54: YTD Actual
B55: 04/30/25 | D55: 04/30/25 | H55: 04/30/25
A56: Net Income | B56: =+B51 -> -621525.35 | D56: =+D51 -> -282818.46 | G56: TD Bank Checking | H56: =+'Statement of Financial Position'!B11 -> 781668.96
A57: Cash & Inv at 12/31/24* | B57: =10588950+84907-864 -> 10672993 | D57: =+B57 -> 10672993 | G57: TD Bank Reset | H57: =+'Statement of Financial Position'!B12 -> 52278
A58: Cash & Inv at end of period 04/30/25** | B58: =SUM(B56:B57) -> 10051468 | D58: =SUM(D56:D57) -> 10390175 | G58: Chase | H58: =+'Statement of Financial Position'!B20 -> 266954.27
A59: *Excludes $268k ReSet cash & MAP Receivable of $492k- ($493k plus an audit prep adj of $864) | G59: Bank of America- closed account | H59: =+'Statement of Financial Position'!B22 -> 0
A60: and $85k Unrealized Gain | G60: San Antonio Bank (debit Cards pre-funding acct) | H60: =+'Statement of Financial Position'!B21 -> 14267.27
G61: Schwab - T-Bills & Money Mkt | H61: =+'Statement of Financial Position'!B33 -> 5179302.4
A62: **Excludes $282k ReSet cash, $2k MAP & $48k Unrealized loss, but | G62: Schwab - Moore Acct | H62: =+'Statement of Financial Position'!B29+'Statement of Financial Position'!B30+'Statement of Financial Position'!B24 -> 498639.29
A63: includes 12/31/24 unrealized gain of $84,907. | G63: Schwab - No Fee Acct (used for stock donations -a pass-through account) | H63: =+'Statement of Financial Position'!B25 -> 0
A64: SCHWAB INVESTMENTS~ | B64: Market Value | D64: Invested YTD | G64: Schwab Long Term - Advisory, GMAS, Benestar | H64: =+'Statement of Financial Position'!B26+'Statement of Financial Position'!B27+'Statement of Financial Position'!B28 -> 3263925.6
A65: Moore Perm Endowment | B65: =+H62 -> 498639.29 | D65: =+H62-(812+1485+4798) -> 491544.29 | E65: =+D65/B65 -> 0.98577128 | G65: Schwab - ReSet Acct | H65: =+'Statement of Financial Position'!B34 -> 229517.96
A66: Long Term Investments | B66: =+H64 -> 3263925.6 | D66: =+H64-(8628+12337+4500) -> 3238460.6 | E66: =+D66/B66 -> 0.99219805 | G66: SUB-TOTAL^ | H66: =SUM(H56:H65) -> 10286554
A67: Short -Term (T-Bills) & Money Mkt | B67: =+H61+H63 -> 5179302.4 | D67: =+H61-828423 -> 4350879.4 | E67: =+D67/B67 -> 0.84005124 | G67: MAP Pass-through Funds | H67: -1517
A68: SUB-TOTAL Schwab (Bleakley) | B68: =SUM(B65:B67) -> 8941867.3 | D68: =SUM(D65:D67) -> 8080884.3 | E68: =+D68/B68 -> 0.90371329 | G68: Payable to ReSet (Liability account) | H68: =-'Statement of Financial Position'!B99 -> -281795.96
G69: NL CASH AND INVESTMENTS^ | H69: =SUM(H66:H68) -> 10003241
G72: ^Includes $48,227 in unrealized loss

Sheet Statement of Activity
A1: Neighbors Link Corp.
A2: Statement of Activity by Month
A3: January - April, 2025
B5: Jan 2025 | C5: Feb 2025 | D5: Mar 2025 | E5: Apr 2025 | F5: Total
A6: Revenue
A7: 02-4 Contributions & support | F7: =(((B7)+(C7))+(D7))+(E7) -> 0
A8: 02-4000 Contributions | F8: =(((B8)+(C8))+(D8))+(E8) -> 0
A9: 02-4010 Donations | B9: =33335 -> 33335 | C9: =83951.13 -> 83951.13 | D9: =134305 -> 134305 | E9: =11672 -> 11672 | F9: =(((B9)+(C9))+(D9))+(E9) -> 263263.13
A10: Total 02-4000 Contributions | B10: =(B8)+(B9) -> 33335 | C10: =(C8)+(C9) -> 83951.13 | D10: =(D8)+(D9) -> 134305 | E10: =(E8)+(E9) -> 11672 | F10: =(((B10)+(C10))+(D10))+(E10) -> 263263.13
A11: 02-4120 Campaign | B11: =250 -> 250 | C11: =15000 -> 15000 | D11: =150000 -> 150000 | E11: =83000 -> 83000 | F11: =(((B11)+(C11))+(D11))+(E11) -> 248250
A12: 02-4130 Restricted Campaign | E12: =10000 -> 10000 | F12: =(((B12)+(C12))+(D12))+(E12) -> 10000
A13: 02-4200 Annual Appeal | B13: =89008 -> 89008 | F13: =(((B13)+(C13))+(D13))+(E13) -> 89008
A14: 02-4400 Matching funds | B14: =440 -> 440 | C14: =2900 -> 2900 | D14: =3146 -> 3146 | E14: =7644 -> 7644 | F14: =(((B14)+(C14))+(D14))+(E14) -> 14130
A15: 02-4500 Organizations | F15: =(((B15)+(C15))+(D15))+(E15) -> 0
A16: 02-4510 Faith organizations | B16: =4374.17 -> 4374.17 | C16: =2500 -> 2500 | D16: =3750 -> 3750 | E16: =6887.25 -> 6887.25 | F16: =(((B16)+(C16))+(D16))+(E16) -> 17511.42
A17: 02-4520 Community organizations | E17: =2965.46 -> 2965.46 | F17: =(((B17)+(C17))+(D17))+(E17) -> 2965.46
A18: Total 02-4500 Organizations | B18: =((B15)+(B16))+(B17) -> 4374.17 | C18: =((C15)+(C16))+(C17) -> 2500 | D18: =((D15)+(D16))+(D17) -> 3750 | E18: =((E15)+(E16))+(E17) -> 9852.71 | F18: =(((B18)+(C18))+(D18))+(E18) -> 20476.88
A19: 02-4600 Grants | F19: =(((B19)+(C19))+(D19))+(E19) -> 0
A20: 02-4610 Grants restricted | E20: =68717.37 -> 68717.37 | F20: =(((B20)+(C20))+(D20))+(E20) -> 68717.37
A21: 02-4616 OTDA MAP Grant Restricted | B21: =362675.06 -> 362675.06 | C21: =244733.75 -> 244733.75 | D21: =205108.9 -> 205108.9 | E21: =168007.83 -> 168007.83 | F21: =(((B21)+(C21))+(D21))+(E21) -> 980525.54
A22: 02-4620 Grants unrestricted | B22: =500000 -> 500000 | D22: =10000 -> 10000 | E22: =325000 -> 325000 | F22: =(((B22)+(C22))+(D22))+(E22) -> 835000
A23: 02-4650 Government grants | B23: =71981.97 -> 71981.97 | C23: =331756.71 -> 331756.71 | D23: =171858.88 -> 171858.88 | E23: =232905.73 -> 232905.73 | F23: =(((B23)+(C23))+(D23))+(E23) -> 808503.29
A24: Total 02-4600 Grants | B24: =((((B19)+(B20))+(B21))+(B22))+(B23) -> 934657.03 | C24: =((((C19)+(C20))+(C21))+(C22))+(C23) -> 576490.46 | D24: =((((D19)+(D20))+(D21))+(D22))+(D23) -> 386967.78 | E24: =((((E19)+(E20))+(E21))+(E22))+(E23) -> 794630.93 | F24: =(((B24)+(C24))+(D24))+(E24) -> 2692746.2
A25: Total 02-4 Contributions & support | B25: =(((((((B7)+(B10))+(B11))+(B12))+(B13))+(B14))+(B18))+(B24) -> 1062064.2 | C25: =(((((((C7)+(C10))+(C11))+(C12))+(C13))+(C14))+(C18))+(C24) -> 680841.59 | D25: =(((((((D7)+(D10))+(D11))+(D12))+(D13))+(D14))+(D18))+(D24) -> 678168.78 | E25: =(((((((E7)+(E10))+(E11))+(E12))+(E13))+(E14))+(E18))+(E24) -> 916799.64 | F25: =(((B25)+(C25))+(D25))+(E25) -> 3337874.2
A26: 02-5 Earned revenue | F26: =(((B26)+(C26))+(D26))+(E26) -> 0
A27: 02-5100 Program income | F27: =(((B27)+(C27))+(D27))+(E27) -> 0
A28: 02-5130 Learning Links | E28: =3530 -> 3530 | F28: =(((B28)+(C28))+(D28))+(E28) -> 3530
A29: 02-5131 ESL | C29: =1040 -> 1040 | E29: =195 -> 195 | F29: =(((B29)+(C29))+(D29))+(E29) -> 1235
A30: 02-5137 EcoClean | D30: =660 -> 660 | E30: =375 -> 375 | F30: =(((B30)+(C30))+(D30))+(E30) -> 1035
A31: 02-5190 Other Program Income | C31: =1345 -> 1345 | E31: =765 -> 765 | F31: =(((B31)+(C31))+(D31))+(E31) -> 2110
A32: Total 02-5100 Program income | B32: =((((B27)+(B28))+(B29))+(B30))+(B31) -> 0 | C32: =((((C27)+(C28))+(C29))+(C30))+(C31) -> 2385 | D32: =((((D27)+(D28))+(D29))+(D30))+(D31) -> 660 | E32: =((((E27)+(E28))+(E29))+(E30))+(E31) -> 4865 | F32: =(((B32)+(C32))+(D32))+(E32) -> 7910
A33: 02-5200 Special events | F33: =(((B33)+(C33))+(D33))+(E33) -> 0
A34: 02-5210 Spring Benefit | F34: =(((B34)+(C34))+(D34))+(E34) -> 0
A35: 02-5211 Sponsors | D35: =52370.58 -> 52370.58 | E35: =88255.08 -> 88255.08 | F35: =(((B35)+(C35))+(D35))+(E35) -> 140625.66
A36: 02-5212 Tickets | E36: =10750 -> 10750 | F36: =(((B36)+(C36))+(D36))+(E36) -> 10750
A37: 02-5213 Contributions | D37: =8500 -> 8500 | E37: =33770 -> 33770 | F37: =(((B37)+(C37))+(D37))+(E37) -> 42270
A38: Total 02-5210 Spring Benefit | B38: =(((B34)+(B35))+(B36))+(B37) -> 0 | C38: =(((C34)+(C35))+(C36))+(C37) -> 0 | D38: =(((D34)+(D35))+(D36))+(D37) -> 60870.58 | E38: =(((E34)+(E35))+(E36))+(E37) -> 132775.08 | F38: =(((B38)+(C38))+(D38))+(E38) -> 193645.66
A39: Total 02-5200 Special events | B39: =(B33)+(B38) -> 0 | C39: =(C33)+(C38) -> 0 | D39: =(D33)+(D38) -> 60870.58 | E39: =(E33)+(E38) -> 132775.08 | F39: =(((B39)+(C39))+(D39))+(E39) -> 193645.66
A40: 02-5400 Rental income | F40: =(((B40)+(C40))+(D40))+(E40) -> 0
A41: 02-5420 Chairs & tables | B41: =98 -> 98 | D41: =80 -> 80 | E41: =229 -> 229 | F41: =(((B41)+(C41))+(D41))+(E41) -> 407
A42: Total 02-5400 Rental income | B42: =(B40)+(B41) -> 98 | C42: =(C40)+(C41) -> 0 | D42: =(D40)+(D41) -> 80 | E42: =(E40)+(E41) -> 229 | F42: =(((B42)+(C42))+(D42))+(E42) -> 407
A43: Total 02-5 Earned revenue | B43: =(((B26)+(B32))+(B39))+(B42) -> 98 | C43: =(((C26)+(C32))+(C39))+(C42) -> 2385 | D43: =(((D26)+(D32))+(D39))+(D42) -> 61610.58 | E43: =(((E26)+(E32))+(E39))+(E42) -> 137869.08 | F43: =(((B43)+(C43))+(D43))+(E43) -> 201962.66
A44: 02-6 Other Revenue | F44: =(((B44)+(C44))+(D44))+(E44) -> 0
A45: 02-6200 Miscellaneous Income | B45: =1326.3 -> 1326.3 | C45: =615 -> 615 | D45: =801.75 -> 801.75 | E45: =2679.58 -> 2679.58 | F45: =(((B45)+(C45))+(D45))+(E45) -> 5422.63
A46: Total 02-6 Other Revenue | B46: =(B44)+(B45) -> 1326.3 | C46: =(C44)+(C45) -> 615 | D46: =(D44)+(D45) -> 801.75 | E46: =(E44)+(E45) -> 2679.58 | F46: =(((B46)+(C46))+(D46))+(E46) -> 5422.63
A47: Total Revenue | B47: =((B25)+(B43))+(B46) -> 1063488.5 | C47: =((C25)+(C43))+(C46) -> 683841.59 | D47: =((D25)+(D43))+(D46) -> 740581.11 | E47: =((E25)+(E43))+(E46) -> 1057348.3 | F47: =(((B47)+(C47))+(D47))+(E47) -> 3545259.5
A48: Gross Profit | B48: =(B47)-(0) -> 1063488.5 | C48: =(C47)-(0) -> 683841.59 | D48: =(D47)-(0) -> 740581.11 | E48: =(E47)-(0) -> 1057348.3 | F48: =(((B48)+(C48))+(D48))+(E48) -> 3545259.5
A49: Expenditures
A50: 02-7 Personnel expenses | F50: =(((B50)+(C50))+(D50))+(E50) -> 0
A51: 02-7000 Salary & payroll | F51: =(((B51)+(C51))+(D51))+(E51) -> 0
A52: 02-7001 Executive Director Bracco | B52: =26041.67 -> 26041.67 | C52: =27083.34 -> 27083.34 | D52: =27083.34 -> 27083.34 | E52: =27083.34 -> 27083.34 | F52: =(((B52)+(C52))+(D52))+(E52) -> 107291.69
A53: 02-7002 Finance | B53: =28922.74 -> 28922.74 | C53: =28708.24 -> 28708.24 | D53: =28708.24 -> 28708.24 | E53: =28708.24 -> 28708.24 | F53: =(((B53)+(C53))+(D53))+(E53) -> 115047.46
A54: 02-7003 Chief of Strategy and Development | B54: =9895.83 -> 9895.83 | C54: =12500 -> 12500 | D54: =12500 -> 12500 | E54: =12500 -> 12500 | F54: =(((B54)+(C54))+(D54))+(E54) -> 47395.83
A55: 02-7010 Development Director Vogel | B55: =9703.16 -> 9703.16 | C55: =9703.16 -> 9703.16 | D55: =9703.16 -> 9703.16 | E55: =9703.16 -> 9703.16 | F55: =(((B55)+(C55))+(D55))+(E55) -> 38812.64
A56: 02-7012 Comm and Social Media Mgr Graves-Abe | B56: =6907.03 -> 6907.03 | C56: =6784.42 -> 6784.42 | D56: =5231.36 -> 5231.36 | E56: =5967.02 -> 5967.02 | F56: =(((B56)+(C56))+(D56))+(E56) -> 24889.83
A57: 02-7013 Development Assistant Besio | B57: =6883.44 -> 6883.44 | C57: =6584.16 -> 6584.16 | D57: =5985.6 -> 5985.6 | E57: =6584.16 -> 6584.16 | F57: =(((B57)+(C57))+(D57))+(E57) -> 26037.36
A58: 02-7014 Volunteer Manager Valdovinos/formerly Palomino | B58: =4423.36 -> 4423.36 | C58: =4231.04 -> 4231.04 | D58: =3846.4 -> 3846.4 | E58: =4231.04 -> 4231.04 | F58: =(((B58)+(C58))+(D58))+(E58) -> 16731.84
A59: 02-7016 Volunteer and Case Support Coordinator Katz | B59: =1710 -> 1710 | C59: =3187.5 -> 3187.5 | D59: =2040 -> 2040 | E59: =1297.5 -> 1297.5 | F59: =(((B59)+(C59))+(D59))+(E59) -> 8235
A60: 02-7017 Case Coordinator Blanco | B60: =5122.56 -> 5122.56 | C60: =4899.84 -> 4899.84 | D60: =4454.4 -> 4454.4 | E60: =4899.84 -> 4899.84 | F60: =(((B60)+(C60))+(D60))+(E60) -> 19376.64
A61: 02-7020 Director Ops & Community Development Granda | B61: =10833.34 -> 10833.34 | C61: =10833.34 -> 10833.34 | D61: =10833.34 -> 10833.34 | E61: =10833.34 -> 10833.34 | F61: =(((B61)+(C61))+(D61))+(E61) -> 43333.36
A62: 02-7022 Operations Coordinator Zumba | B62: =5459.28 -> 5459.28 | C62: =5221.92 -> 5221.92 | D62: =4984.56 -> 4984.56 | E62: =5548.29 -> 5548.29 | F62: =(((B62)+(C62))+(D62))+(E62) -> 21214.05
A63: 02-7024 WC and Facilities Mgr Arce/formerly Delgado | B63: =5453.31 -> 5453.31 | C63: =5149.54 -> 5149.54 | D63: =4657.73 -> 4657.73 | E63: =5120.61 -> 5120.61 | F63: =(((B63)+(C63))+(D63))+(E63) -> 20381.19
A64: 02-7025 Operations Staff Marquez | B64: =3692.97 -> 3692.97 | C64: =3570.98 -> 3570.98 | D64: =3105.2 -> 3105.2 | E64: =3282.64 -> 3282.64 | F64: =(((B64)+(C64))+(D64))+(E64) -> 13651.79
A65: 02-7027 Operations Staff Other | B65: =6735.75 -> 6735.75 | C65: =5072.43 -> 5072.43 | D65: =7100.05 -> 7100.05 | E65: =6253.6 -> 6253.6 | F65: =(((B65)+(C65))+(D65))+(E65) -> 25161.83
A66: 02-7028 Admin Assistant Leiva/formerly Cordero | B66: =4023.6 -> 4023.6 | C66: =4215.2 -> 4215.2 | D66: =3832 -> 3832 | E66: =4215.2 -> 4215.2 | F66: =(((B66)+(C66))+(D66))+(E66) -> 16286
A67: 02-7030 ONA Program Manager Rincon | B67: =6666.66 -> 6666.66 | C67: =3269.23 -> 3269.23 | F67: =(((B67)+(C67))+(D67))+(E67) -> 9935.89
A68: 02-7032 Program Coordinator Kelly Martinez | B68: =7333.34 -> 7333.34 | C68: =7333.34 -> 7333.34 | D68: =7333.34 -> 7333.34 | E68: =7333.34 -> 7333.34 | F68: =(((B68)+(C68))+(D68))+(E68) -> 29333.36
A69: 02-7033 Program Administrator Gillert | B69: =1767.5 -> 1767.5 | C69: =2205 -> 2205 | D69: =1347.5 -> 1347.5 | E69: =1890 -> 1890 | F69: =(((B69)+(C69))+(D69))+(E69) -> 7210
A70: 02-7034 Program Coordinator Rosa Martin | B70: =6574.32 -> 6574.32 | C70: =6288.48 -> 6288.48 | D70: =5716.8 -> 5716.8 | E70: =6288.48 -> 6288.48 | F70: =(((B70)+(C70))+(D70))+(E70) -> 24868.08
A71: 02-7035 Program Assistant Denisha Lopez | B71: =6014.96 -> 6014.96 | C71: =5753.44 -> 5753.44 | D71: =5230.4 -> 5230.4 | E71: =5753.44 -> 5753.44 | F71: =(((B71)+(C71))+(D71))+(E71) -> 22752.24
A72: 02-7036 Learning Links | B72: =7956.5 -> 7956.5 | C72: =12418 -> 12418 | D72: =6154 -> 6154 | E72: =11258.5 -> 11258.5 | F72: =(((B72)+(C72))+(D72))+(E72) -> 37787
A73: 02-7038 Administrative Asst Restrepo | B73: =6916.66 -> 6916.66 | C73: =6916.66 -> 6916.66 | D73: =6916.66 -> 6916.66 | E73: =6916.66 -> 6916.66 | F73: =(((B73)+(C73))+(D73))+(E73) -> 27666.64
A74: 02-7042 ESL Instructors | B74: =4450 -> 4450 | C74: =5790 -> 5790 | D74: =5910 -> 5910 | E74: =6070 -> 6070 | F74: =(((B74)+(C74))+(D74))+(E74) -> 22220
A75: 02-7049 Childcare Program Coordinator Vinansaca | B75: =5170.4 -> 5170.4 | C75: =4945.6 -> 4945.6 | D75: =4496 -> 4496 | E75: =4945.6 -> 4945.6 | F75: =(((B75)+(C75))+(D75))+(E75) -> 19557.6
A76: 02-7050 Family Center Director Rosado | B76: =8268.76 -> 8268.76 | C76: =8268.76 -> 8268.76 | D76: =8268.76 -> 8268.76 | E76: =8268.76 -> 8268.76 | F76: =(((B76)+(C76))+(D76))+(E76) -> 33075.04
A77: 02-7051 PAT Educator Quezada | B77: =5170.4 -> 5170.4 | C77: =4945.6 -> 4945.6 | D77: =4496 -> 4496 | E77: =4945.6 -> 4945.6 | F77: =(((B77)+(C77))+(D77))+(E77) -> 19557.6
A78: 02-7052 Case Manager Zambrano (formerly - PCT Personnel) | B78: =6193.44 -> 6193.44 | C78: =5924.16 -> 5924.16 | D78: =5385.6 -> 5385.6 | E78: =5924.16 -> 5924.16 | F78: =(((B78)+(C78))+(D78))+(E78) -> 23427.36
A79: 02-7058 Family Center Childcare | B79: =7499.5 -> 7499.5 | C79: =10377 -> 10377 | D79: =11056.5 -> 11056.5 | E79: =13243.5 -> 13243.5 | F79: =(((B79)+(C79))+(D79))+(E79) -> 42176.5
A80: 02-7060 Program Coordinator S. Sanchez | B80: =5529.2 -> 5529.2 | C80: =5288.8 -> 5288.8 | D80: =4808 -> 4808 | E80: =5288.8 -> 5288.8 | F80: =(((B80)+(C80))+(D80))+(E80) -> 20914.8
A81: 02-7061 CLP Director Anderson | B81: =14000 -> 14000 | C81: =14000 -> 14000 | D81: =14000 -> 14000 | E81: =14000 -> 14000 | F81: =(((B81)+(C81))+(D81))+(E81) -> 56000
A82: 02-7062 CLP Manager Mastropolo | B82: =11416.66 -> 11416.66 | C82: =11416.66 -> 11416.66 | D82: =11416.66 -> 11416.66 | E82: =11416.66 -> 11416.66 | F82: =(((B82)+(C82))+(D82))+(E82) -> 45666.64
A83: 02-7063 CLP Paralegal Bentancor (prev incl Molina) | B83: =5690.75 -> 5690.75 | C83: =5690.75 -> 5690.75 | D83: =5690.76 -> 5690.76 | E83: =5690.76 -> 5690.76 | F83: =(((B83)+(C83))+(D83))+(E83) -> 22763.02
A84: 02-7064 CLP Paralegal Molina | B84: =2182.18 -> 2182.18 | C84: =2517.9 -> 2517.9 | D84: =2182.18 -> 2182.18 | E84: =2565.86 -> 2565.86 | F84: =(((B84)+(C84))+(D84))+(E84) -> 9448.12
A85: 02-7067 CLP Paralegal Sacaza | B85: =5440.88 -> 5440.88 | C85: =5204.32 -> 5204.32 | D85: =4731.2 -> 4731.2 | E85: =5204.32 -> 5204.32 | F85: =(((B85)+(C85))+(D85))+(E85) -> 20580.72
A86: 02-7069 CLP Paralegal Tuquinagui | B86: =5260.56 -> 5260.56 | C86: =5031.84 -> 5031.84 | D86: =4574.4 -> 4574.4 | E86: =5031.84 -> 5031.84 | F86: =(((B86)+(C86))+(D86))+(E86) -> 19898.64
A87: 02-7070 CLP Sr. Staff Attorney Tonne-Daims | B87: =9166.66 -> 9166.66 | C87: =9166.66 -> 9166.66 | D87: =9166.66 -> 9166.66 | E87: =9166.66 -> 9166.66 | F87: =(((B87)+(C87))+(D87))+(E87) -> 36666.64
A88: 02-7071 CLP Staff Attorney Aguilar | B88: =7593.76 -> 7593.76 | C88: =7593.76 -> 7593.76 | D88: =7593.76 -> 7593.76 | E88: =7593.76 -> 7593.76 | F88: =(((B88)+(C88))+(D88))+(E88) -> 30375.04
A89: 02-7072 CLP ONA Legal Liaison Steward | B89: =5352.56 -> 5352.56 | C89: =5119.84 -> 5119.84 | D89: =4654.4 -> 4654.4 | E89: =5119.84 -> 5119.84 | F89: =(((B89)+(C89))+(D89))+(E89) -> 20246.64
A90: 02-7073 CLP Paralegal Roman | B90: =5696.64 -> 5696.64 | C90: =5448.96 -> 5448.96 | D90: =4953.6 -> 4953.6 | E90: =5448.96 -> 5448.96 | F90: =(((B90)+(C90))+(D90))+(E90) -> 21548.16
A91: 02-7074 CLP Staff Attorney Campozano | B91: =9028.16 -> 9028.16 | C91: =9028.16 -> 9028.16 | D91: =9028.16 -> 9028.16 | E91: =9028.16 -> 9028.16 | F91: =(((B91)+(C91))+(D91))+(E91) -> 36112.64
A92: 02-7075 CLP Staff Attorney Wisbaum (formerly Arango-Valencia) | B92: =6875 -> 6875 | C92: =6875 -> 6875 | D92: =6875 -> 6875 | E92: =6875 -> 6875 | F92: =(((B92)+(C92))+(D92))+(E92) -> 27500
A93: 02-7076 CLP Admin Assistant A. Aguilar | B93: =4684.64 -> 4684.64 | C93: =4480.96 -> 4480.96 | D93: =4073.6 -> 4073.6 | E93: =4480.96 -> 4480.96 | F93: =(((B93)+(C93))+(D93))+(E93) -> 17720.16
A94: 02-7077 CLP Sr. Staff Attorney Zamenhof/formerly Cueva | B94: =9166.66 -> 9166.66 | C94: =9166.66 -> 9166.66 | D94: =9166.66 -> 9166.66 | E94: =9166.66 -> 9166.66 | F94: =(((B94)+(C94))+(D94))+(E94) -> 36666.64
A95: 02-7078 CLP Paralegal Leon | B95: =2566 -> 2566 | C95: =2478 -> 2478 | D95: =2548 -> 2548 | E95: =2520 -> 2520 | F95: =(((B95)+(C95))+(D95))+(E95) -> 10112
A96: 02-7079 CLP Paralegal Weissert | B96: =1362.5 -> 1362.5 | C96: =1825 -> 1825 | D96: =1737.5 -> 1737.5 | E96: =1700 -> 1700 | F96: =(((B96)+(C96))+(D96))+(E96) -> 6625
A97: 02-7080 CLP Paralegal Kellar | B97: =5595.44 -> 5595.44 | C97: =5352.16 -> 5352.16 | D97: =4865.6 -> 4865.6 | E97: =5352.16 -> 5352.16 | F97: =(((B97)+(C97))+(D97))+(E97) -> 21165.36
A98: 02-7081 Outreach Specialist Betty Capellan Lopez | B98: =5440.88 -> 5440.88 | C98: =5204.32 -> 5204.32 | D98: =4731.2 -> 4731.2 | E98: =5204.32 -> 5204.32 | F98: =(((B98)+(C98))+(D98))+(E98) -> 20580.72
A99: 02-7082 Client-Faced Technology Mgr. Rubin | B99: =5017.68 -> 5017.68 | C99: =4799.52 -> 4799.52 | D99: =4363.2 -> 4363.2 | E99: =4799.52 -> 4799.52 | F99: =(((B99)+(C99))+(D99))+(E99) -> 18979.92
A100: 02-7083 Devel Asst Zepeda | B100: =6118 -> 6118 | C100: =5852 -> 5852 | D100: =5320 -> 5320 | E100: =5852 -> 5852 | F100: =(((B100)+(C100))+(D100))+(E100) -> 23142
A101: 02-7085 ESL ONA Instructors | B101: =1960 -> 1960 | C101: =2440 -> 2440 | D101: =2640 -> 2640 | E101: =2700 -> 2700 | F101: =(((B101)+(C101))+(D101))+(E101) -> 9740
...

Sheet Prior Year
A1: Neighbors Link Corp.
A2: Statement of Activity Comparison
A3: January - April, 2025
B5: Total
B6: Jan - Apr, 2025 | C6: Jan - Apr, 2024 (PY) | D6: Change | E6: % Change
A7: Revenue
A8: 02-4 Contributions & support | D8: =(B8)-(C8) -> 0 | E8: =IF(ABS((C8))=0,"",((B8)-(C8))/(ABS((C8))))
A9: 02-4000 Contributions | D9: =(B9)-(C9) -> 0 | E9: =IF(ABS((C9))=0,"",((B9)-(C9))/(ABS((C9))))
A10: 02-4010 Donations | B10: =263263.13 -> 263263.13 | C10: =336079.92 -> 336079.92 | D10: =(B10)-(C10) -> -72816.79 | E10: =IF(ABS((C10))=0,"",((B10)-(C10))/(ABS((C10)))) -> -0.2166651
A11: 02-4040 Restricted Donations | C11: =-885 -> -885 | D11: =(B11)-(C11) -> 885 | E11: =IF(ABS((C11))=0,"",((B11)-(C11))/(ABS((C11)))) -> 1
A12: Total 02-4000 Contributions | B12: =((B9)+(B10))+(B11) -> 263263.13 | C12: =((C9)+(C10))+(C11) -> 335194.92 | D12: =(B12)-(C12) -> -71931.79 | E12: =IF(ABS((C12))=0,"",((B12)-(C12))/(ABS((C12)))) -> -0.2145969
A13: 02-4115 Estate Gifts | C13: =81134 -> 81134 | D13: =(B13)-(C13) -> -81134 | E13: =IF(ABS((C13))=0,"",((B13)-(C13))/(ABS((C13)))) -> -1
A14: 02-4120 Campaign | B14: =248250 -> 248250 | C14: =339000 -> 339000 | D14: =(B14)-(C14) -> -90750 | E14: =IF(ABS((C14))=0,"",((B14)-(C14))/(ABS((C14)))) -> -0.26769912
A15: 02-4130 Restricted Campaign | B15: =10000 -> 10000 | C15: =92250 -> 92250 | D15: =(B15)-(C15) -> -82250 | E15: =IF(ABS((C15))=0,"",((B15)-(C15))/(ABS((C15)))) -> -0.89159892
A16: 02-4200 Annual Appeal | B16: =89008 -> 89008 | C16: =30740 -> 30740 | D16: =(B16)-(C16) -> 58268 | E16: =IF(ABS((C16))=0,"",((B16)-(C16))/(ABS((C16)))) -> 1.8955107
A17: 02-4400 Matching funds | B17: =14130 -> 14130 | C17: =20800 -> 20800 | D17: =(B17)-(C17) -> -6670 | E17: =IF(ABS((C17))=0,"",((B17)-(C17))/(ABS((C17)))) -> -0.32067308
A18: 02-4500 Organizations | D18: =(B18)-(C18) -> 0 | E18: =IF(ABS((C18))=0,"",((B18)-(C18))/(ABS((C18))))
A19: 02-4510 Faith organizations | B19: =17511.42 -> 17511.42 | C19: =8270.46 -> 8270.46 | D19: =(B19)-(C19) -> 9240.96 | E19: =IF(ABS((C19))=0,"",((B19)-(C19))/(ABS((C19)))) -> 1.1173453
A20: 02-4520 Community organizations | B20: =2965.46 -> 2965.46 | C20: =2500 -> 2500 | D20: =(B20)-(C20) -> 465.46 | E20: =IF(ABS((C20))=0,"",((B20)-(C20))/(ABS((C20)))) -> 0.186184
A21: Total 02-4500 Organizations | B21: =((B18)+(B19))+(B20) -> 20476.88 | C21: =((C18)+(C19))+(C20) -> 10770.46 | D21: =(B21)-(C21) -> 9706.42 | E21: =IF(ABS((C21))=0,"",((B21)-(C21))/(ABS((C21)))) -> 0.90120756
A22: 02-4600 Grants | D22: =(B22)-(C22) -> 0 | E22: =IF(ABS((C22))=0,"",((B22)-(C22))/(ABS((C22))))
A23: 02-4610 Grants restricted | B23: =68717.37 -> 68717.37 | C23: =92637.7 -> 92637.7 | D23: =(B23)-(C23) -> -23920.33 | E23: =IF(ABS((C23))=0,"",((B23)-(C23))/(ABS((C23)))) -> -0.25821377
A24: 02-4616 OTDA MAP Grant Restricted | B24: =980525.54 -> 980525.54 | C24: =1081362.09 -> 1081362.1 | D24: =(B24)-(C24) -> -100836.55 | E24: =IF(ABS((C24))=0,"",((B24)-(C24))/(ABS((C24)))) -> -0.09324957
A25: 02-4620 Grants unrestricted | B25: =835000 -> 835000 | D25: =(B25)-(C25) -> 835000 | E25: =IF(ABS((C25))=0,"",((B25)-(C25))/(ABS((C25))))
A26: 02-4650 Government grants | B26: =808503.29 -> 808503.29 | C26: =356160.32 -> 356160.32 | D26: =(B26)-(C26) -> 452342.97 | E26: =IF(ABS((C26))=0,"",((B26)-(C26))/(ABS((C26)))) -> 1.2700544
A27: Total 02-4600 Grants | B27: =((((B22)+(B23))+(B24))+(B25))+(B26) -> 2692746.2 | C27: =((((C22)+(C23))+(C24))+(C25))+(C26) -> 1530160.1 | D27: =(B27)-(C27) -> 1162586.1 | E27: =IF(ABS((C27))=0,"",((B27)-(C27))/(ABS((C27)))) -> 0.75978068
A28: Total 02-4 Contributions & support | B28: =((((((((B8)+(B12))+(B13))+(B14))+(B15))+(B16))+(B17))+(B21))+(B27) -> 3337874.2 | C28: =((((((((C8)+(C12))+(C13))+(C14))+(C15))+(C16))+(C17))+(C21))+(C27) -> 2440049.5 | D28: =(B28)-(C28) -> 897824.72 | E28: =IF(ABS((C28))=0,"",((B28)-(C28))/(ABS((C28)))) -> 0.36795349
A29: 02-5 Earned revenue | D29: =(B29)-(C29) -> 0 | E29: =IF(ABS((C29))=0,"",((B29)-(C29))/(ABS((C29))))
A30: 02-5100 Program income | D30: =(B30)-(C30) -> 0 | E30: =IF(ABS((C30))=0,"",((B30)-(C30))/(ABS((C30))))
A31: 02-5130 Learning Links | B31: =3530 -> 3530 | C31: =12633 -> 12633 | D31: =(B31)-(C31) -> -9103 | E31: =IF(ABS((C31))=0,"",((B31)-(C31))/(ABS((C31)))) -> -0.7205731
A32: 02-5134 Summer Links | C32: =250 -> 250 | D32: =(B32)-(C32) -> -250 | E32: =IF(ABS((C32))=0,"",((B32)-(C32))/(ABS((C32)))) -> -1
A33: Total 02-5130 Learning Links | B33: =(B31)+(B32) -> 3530 | C33: =(C31)+(C32) -> 12883 | D33: =(B33)-(C33) -> -9353 | E33: =IF(ABS((C33))=0,"",((B33)-(C33))/(ABS((C33)))) -> -0.7259955
A34: 02-5131 ESL | B34: =1235 -> 1235 | C34: =975 -> 975 | D34: =(B34)-(C34) -> 260 | E34: =IF(ABS((C34))=0,"",((B34)-(C34))/(ABS((C34)))) -> 0.26666667
A35: 02-5137 EcoClean | B35: =1035 -> 1035 | D35: =(B35)-(C35) -> 1035 | E35: =IF(ABS((C35))=0,"",((B35)-(C35))/(ABS((C35))))
A36: 02-5190 Other Program Income | B36: =2110 -> 2110 | D36: =(B36)-(C36) -> 2110 | E36: =IF(ABS((C36))=0,"",((B36)-(C36))/(ABS((C36))))
A37: Total 02-5100 Program income | B37: =((((B30)+(B33))+(B34))+(B35))+(B36) -> 7910 | C37: =((((C30)+(C33))+(C34))+(C35))+(C36) -> 13858 | D37: =(B37)-(C37) -> -5948 | E37: =IF(ABS((C37))=0,"",((B37)-(C37))/(ABS((C37)))) -> -0.42921056
A38: 02-5200 Special events | D38: =(B38)-(C38) -> 0 | E38: =IF(ABS((C38))=0,"",((B38)-(C38))/(ABS((C38))))
A39: 02-5210 Spring Benefit | D39: =(B39)-(C39) -> 0 | E39: =IF(ABS((C39))=0,"",((B39)-(C39))/(ABS((C39))))
A40: 02-5211 Sponsors | B40: =140625.66 -> 140625.66 | C40: =218468.32 -> 218468.32 | D40: =(B40)-(C40) -> -77842.66 | E40: =IF(ABS((C40))=0,"",((B40)-(C40))/(ABS((C40)))) -> -0.35631097
A41: 02-5212 Tickets | B41: =10750 -> 10750 | C41: =49200 -> 49200 | D41: =(B41)-(C41) -> -38450 | E41: =IF(ABS((C41))=0,"",((B41)-(C41))/(ABS((C41)))) -> -0.78150407
A42: 02-5213 Contributions | B42: =42270 -> 42270 | C42: =43695 -> 43695 | D42: =(B42)-(C42) -> -1425 | E42: =IF(ABS((C42))=0,"",((B42)-(C42))/(ABS((C42)))) -> -0.032612427
A43: 02-5215 Other Spring Benefit | C43: =8250 -> 8250 | D43: =(B43)-(C43) -> -8250 | E43: =IF(ABS((C43))=0,"",((B43)-(C43))/(ABS((C43)))) -> -1
A44: Total 02-5210 Spring Benefit | B44: =((((B39)+(B40))+(B41))+(B42))+(B43) -> 193645.66 | C44: =((((C39)+(C40))+(C41))+(C42))+(C43) -> 319613.32 | D44: =(B44)-(C44) -> -125967.66 | E44: =IF(ABS((C44))=0,"",((B44)-(C44))/(ABS((C44)))) -> -0.39412519
A45: Total 02-5200 Special events | B45: =(B38)+(B44) -> 193645.66 | C45: =(C38)+(C44) -> 319613.32 | D45: =(B45)-(C45) -> -125967.66 | E45: =IF(ABS((C45))=0,"",((B45)-(C45))/(ABS((C45)))) -> -0.39412519
A46: 02-5400 Rental income | D46: =(B46)-(C46) -> 0 | E46: =IF(ABS((C46))=0,"",((B46)-(C46))/(ABS((C46))))
A47: 02-5420 Chairs & tables | B47: =407 -> 407 | C47: =391 -> 391 | D47: =(B47)-(C47) -> 16 | E47: =IF(ABS((C47))=0,"",((B47)-(C47))/(ABS((C47)))) -> 0.040920716
A48: Total 02-5400 Rental income | B48: =(B46)+(B47) -> 407 | C48: =(C46)+(C47) -> 391 | D48: =(B48)-(C48) -> 16 | E48: =IF(ABS((C48))=0,"",((B48)-(C48))/(ABS((C48)))) -> 0.040920716
A49: Total 02-5 Earned revenue | B49: =(((B29)+(B37))+(B45))+(B48) -> 201962.66 | C49: =(((C29)+(C37))+(C45))+(C48) -> 333862.32 | D49: =(B49)-(C49) -> -131899.66 | E49: =IF(ABS((C49))=0,"",((B49)-(C49))/(ABS((C49)))) -> -0.39507202
A50: 02-6 Other Revenue | D50: =(B50)-(C50) -> 0 | E50: =IF(ABS((C50))=0,"",((B50)-(C50))/(ABS((C50))))
A51: 02-6200 Miscellaneous Income | B51: =5422.63 -> 5422.63 | C51: =809.43 -> 809.43 | D51: =(B51)-(C51) -> 4613.2 | E51: =IF(ABS((C51))=0,"",((B51)-(C51))/(ABS((C51)))) -> 5.6993193
A52: Total 02-6 Other Revenue | B52: =(B50)+(B51) -> 5422.63 | C52: =(C50)+(C51) -> 809.43 | D52: =(B52)-(C52) -> 4613.2 | E52: =IF(ABS((C52))=0,"",((B52)-(C52))/(ABS((C52)))) -> 5.6993193
A53: Total Revenue | B53: =((B28)+(B49))+(B52) -> 3545259.5 | C53: =((C28)+(C49))+(C52) -> 2774721.2 | D53: =(B53)-(C53) -> 770538.26 | E53: =IF(ABS((C53))=0,"",((B53)-(C53))/(ABS((C53)))) -> 0.27769934
A54: Gross Profit | B54: =(B53)-(0) -> 3545259.5 | C54: =(C53)-(0) -> 2774721.2 | D54: =(B54)-(C54) -> 770538.26 | E54: =IF(ABS((C54))=0,"",((B54)-(C54))/(ABS((C54)))) -> 0.27769934
A55: Expenditures
A56: 02-7 Personnel expenses | D56: =(B56)-(C56) -> 0 | E56: =IF(ABS((C56))=0,"",((B56)-(C56))/(ABS((C56))))
A57: 02-7000 Salary & payroll | D57: =(B57)-(C57) -> 0 | E57: =IF(ABS((C57))=0,"",((B57)-(C57))/(ABS((C57))))
A58: 02-7001 Executive Director Bracco | B58: =107291.69 -> 107291.69 | C58: =87500 -> 87500 | D58: =(B58)-(C58) -> 19791.69 | E58: =IF(ABS((C58))=0,"",((B58)-(C58))/(ABS((C58)))) -> 0.22619074
A59: 02-7002 Finance | B59: =115047.46 -> 115047.46 | C59: =81765.65 -> 81765.65 | D59: =(B59)-(C59) -> 33281.81 | E59: =IF(ABS((C59))=0,"",((B59)-(C59))/(ABS((C59)))) -> 0.40703902
A60: 02-7003 Chief of Strategy and Development | B60: =47395.83 -> 47395.83 | C60: =43750 -> 43750 | D60: =(B60)-(C60) -> 3645.83 | E60: =IF(ABS((C60))=0,"",((B60)-(C60))/(ABS((C60)))) -> 0.083333257
A61: 02-7010 Development Director Vogel | B61: =38812.64 -> 38812.64 | C61: =29662.52 -> 29662.52 | D61: =(B61)-(C61) -> 9150.12 | E61: =IF(ABS((C61))=0,"",((B61)-(C61))/(ABS((C61)))) -> 0.30847413
A62: 02-7012 Comm and Social Media Mgr Graves-Abe | B62: =24889.83 -> 24889.83 | C62: =19891.2 -> 19891.2 | D62: =(B62)-(C62) -> 4998.63 | E62: =IF(ABS((C62))=0,"",((B62)-(C62))/(ABS((C62)))) -> 0.25129856
A63: 02-7013 Development Assistant Besio | B63: =26037.36 -> 26037.36 | C63: =21627.92 -> 21627.92 | D63: =(B63)-(C63) -> 4409.44 | E63: =IF(ABS((C63))=0,"",((B63)-(C63))/(ABS((C63)))) -> 0.20387721
A64: 02-7014 Volunteer Manager Valdovinos/formerly Palomino | B64: =16731.84 -> 16731.84 | C64: =17322.24 -> 17322.24 | D64: =(B64)-(C64) -> -590.4 | E64: =IF(ABS((C64))=0,"",((B64)-(C64))/(ABS((C64)))) -> -0.034083352
A65: 02-7016 Volunteer and Case Support Coordinator Katz | B65: =8235 -> 8235 | C65: =10912.5 -> 10912.5 | D65: =(B65)-(C65) -> -2677.5 | E65: =IF(ABS((C65))=0,"",((B65)-(C65))/(ABS((C65)))) -> -0.24536082
A66: 02-7017 Case Coordinator Blanco | B66: =19376.64 -> 19376.64 | C66: =16075.52 -> 16075.52 | D66: =(B66)-(C66) -> 3301.12 | E66: =IF(ABS((C66))=0,"",((B66)-(C66))/(ABS((C66)))) -> 0.20535074
A67: 02-7020 Director Ops & Community Development Granda | B67: =43333.36 -> 43333.36 | C67: =33833.31 -> 33833.31 | D67: =(B67)-(C67) -> 9500.05 | E67: =IF(ABS((C67))=0,"",((B67)-(C67))/(ABS((C67)))) -> 0.28078985
A68: 02-7022 Operations Coordinator Zumba | B68: =21214.05 -> 21214.05 | C68: =16949.27 -> 16949.27 | D68: =(B68)-(C68) -> 4264.78 | E68: =IF(ABS((C68))=0,"",((B68)-(C68))/(ABS((C68)))) -> 0.25162028
A69: 02-7024 WC and Facilities Mgr Arce/formerly Delgado | B69: =20381.19 -> 20381.19 | C69: =15460.03 -> 15460.03 | D69: =(B69)-(C69) -> 4921.16 | E69: =IF(ABS((C69))=0,"",((B69)-(C69))/(ABS((C69)))) -> 0.31831504
A70: 02-7025 Operations Staff Marquez | B70: =13651.79 -> 13651.79 | C70: =11281.95 -> 11281.95 | D70: =(B70)-(C70) -> 2369.84 | E70: =IF(ABS((C70))=0,"",((B70)-(C70))/(ABS((C70)))) -> 0.21005589
A71: 02-7027 Operations Staff Other | B71: =25161.83 -> 25161.83 | C71: =28889 -> 28889 | D71: =(B71)-(C71) -> -3727.17 | E71: =IF(ABS((C71))=0,"",((B71)-(C71))/(ABS((C71)))) -> -0.12901693
A72: 02-7028 Admin Assistant Leiva/formerly Cordero | B72: =16286 -> 16286 | C72: =13663.36 -> 13663.36 | D72: =(B72)-(C72) -> 2622.64 | E72: =IF(ABS((C72))=0,"",((B72)-(C72))/(ABS((C72)))) -> 0.19194693
A73: 02-7030 ONA Program Manager Rincon | B73: =9935.89 -> 9935.89 | C73: =26250 -> 26250 | D73: =(B73)-(C73) -> -16314.11 | E73: =IF(ABS((C73))=0,"",((B73)-(C73))/(ABS((C73)))) -> -0.6214899
A74: 02-7032 Program Coordinator Kelly Martinez | B74: =29333.36 -> 29333.36 | C74: =20459.2 -> 20459.2 | D74: =(B74)-(C74) -> 8874.16 | E74: =IF(ABS((C74))=0,"",((B74)-(C74))/(ABS((C74)))) -> 0.43374912
A75: 02-7033 Program Administrator Gillert | B75: =7210 -> 7210 | C75: =6314.71 -> 6314.71 | D75: =(B75)-(C75) -> 895.29 | E75: =IF(ABS((C75))=0,"",((B75)-(C75))/(ABS((C75)))) -> 0.14177848
A76: 02-7034 Program Coordinator Rosa Martin | B76: =24868.08 -> 24868.08 | C76: =20459.2 -> 20459.2 | D76: =(B76)-(C76) -> 4408.88 | E76: =IF(ABS((C76))=0,"",((B76)-(C76))/(ABS((C76)))) -> 0.21549621
A77: 02-7035 Program Assistant Denisha Lopez | B77: =22752.24 -> 22752.24 | C77: =17540.8 -> 17540.8 | D77: =(B77)-(C77) -> 5211.44 | E77: =IF(ABS((C77))=0,"",((B77)-(C77))/(ABS((C77)))) -> 0.29710389
A78: 02-7036 Learning Links | B78: =37787 -> 37787 | C78: =21234.61 -> 21234.61 | D78: =(B78)-(C78) -> 16552.39 | E78: =IF(ABS((C78))=0,"",((B78)-(C78))/(ABS((C78)))) -> 0.77950054
A79: 02-7038 Administrative Asst Restrepo | B79: =27666.64 -> 27666.64 | C79: =21108.55 -> 21108.55 | D79: =(B79)-(C79) -> 6558.09 | E79: =IF(ABS((C79))=0,"",((B79)-(C79))/(ABS((C79)))) -> 0.31068406
A80: 02-7042 ESL Instructors | B80: =22220 -> 22220 | C80: =18030 -> 18030 | D80: =(B80)-(C80) -> 4190 | E80: =IF(ABS((C80))=0,"",((B80)-(C80))/(ABS((C80)))) -> 0.23239046
A81: 02-7049 Childcare Program Coordinator Vinansaca | B81: =19557.6 -> 19557.6 | C81: =15672.08 -> 15672.08 | D81: =(B81)-(C81) -> 3885.52 | E81: =IF(ABS((C81))=0,"",((B81)-(C81))/(ABS((C81)))) -> 0.24792625
A82: 02-7050 Family Center Director Rosado | B82: =33075.04 -> 33075.04 | C82: =27562.5 -> 27562.5 | D82: =(B82)-(C82) -> 5512.54 | E82: =IF(ABS((C82))=0,"",((B82)-(C82))/(ABS((C82)))) -> 0.20000145
A83: 02-7051 PAT Educator Quezada | B83: =19557.6 -> 19557.6 | C83: =16140.8 -> 16140.8 | D83: =(B83)-(C83) -> 3416.8 | E83: =IF(ABS((C83))=0,"",((B83)-(C83))/(ABS((C83)))) -> 0.21168715
A84: 02-7052 Case Manager Zambrano (formerly - PCT Personnel) | B84: =23427.36 -> 23427.36 | C84: =19000 -> 19000 | D84: =(B84)-(C84) -> 4427.36 | E84: =IF(ABS((C84))=0,"",((B84)-(C84))/(ABS((C84)))) -> 0.23301895
A85: 02-7058 Family Center Childcare | B85: =42176.5 -> 42176.5 | C85: =32072 -> 32072 | D85: =(B85)-(C85) -> 10104.5 | E85: =IF(ABS((C85))=0,"",((B85)-(C85))/(ABS((C85)))) -> 0.31505675
A86: 02-7060 Program Coordinator S. Sanchez | B86: =20914.8 -> 20914.8 | C86: =15549.2 -> 15549.2 | D86: =(B86)-(C86) -> 5365.6 | E86: =IF(ABS((C86))=0,"",((B86)-(C86))/(ABS((C86)))) -> 0.34507242
A87: 02-7061 CLP Director Anderson | B87: =56000 -> 56000 | C87: =44625 -> 44625 | D87: =(B87)-(C87) -> 11375 | E87: =IF(ABS((C87))=0,"",((B87)-(C87))/(ABS((C87)))) -> 0.25490196
A88: 02-7062 CLP Manager Mastropolo | B88: =45666.64 -> 45666.64 | C88: =36458.31 -> 36458.31 | D88: =(B88)-(C88) -> 9208.33 | E88: =IF(ABS((C88))=0,"",((B88)-(C88))/(ABS((C88)))) -> 0.2525715
A89: 02-7063 CLP Paralegal Bentancor (prev incl Molina) | B89: =22763.02 -> 22763.02 | C89: =18812.5 -> 18812.5 | D89: =(B89)-(C89) -> 3950.52 | E89: =IF(ABS((C89))=0,"",((B89)-(C89))/(ABS((C89)))) -> 0.20999442
A90: 02-7064 CLP Paralegal Molina | B90: =9448.12 -> 9448.12 | C90: =8440.96 -> 8440.96 | D90: =(B90)-(C90) -> 1007.16 | E90: =IF(ABS((C90))=0,"",((B90)-(C90))/(ABS((C90)))) -> 0.11931818
A91: 02-7067 CLP Paralegal Sacaza | B91: =20580.72 -> 20580.72 | C91: =16048.4 -> 16048.4 | D91: =(B91)-(C91) -> 4532.32 | E91: =IF(ABS((C91))=0,"",((B91)-(C91))/(ABS((C91)))) -> 0.28241569
A92: 02-7069 CLP Paralegal Tuquinagui | B92: =19898.64 -> 19898.64 | C92: =15454.32 -> 15454.32 | D92: =(B92)-(C92) -> 4444.32 | E92: =IF(ABS((C92))=0,"",((B92)-(C92))/(ABS((C92)))) -> 0.28757784
A93: 02-7070 CLP Sr. Staff Attorney Tonne-Daims | B93: =36666.64 -> 36666.64 | C93: =29556.65 -> 29556.65 | D93: =(B93)-(C93) -> 7109.99 | E93: =IF(ABS((C93))=0,"",((B93)-(C93))/(ABS((C93)))) -> 0.24055466
A94: 02-7071 CLP Staff Attorney Aguilar | B94: =30375.04 -> 30375.04 | C94: =23989.56 -> 23989.56 | D94: =(B94)-(C94) -> 6385.48 | E94: =IF(ABS((C94))=0,"",((B94)-(C94))/(ABS((C94)))) -> 0.26617745
A95: 02-7072 CLP ONA Legal Liaison Steward | B95: =20246.64 -> 20246.64 | C95: =16920.64 -> 16920.64 | D95: =(B95)-(C95) -> 3326 | E95: =IF(ABS((C95))=0,"",((B95)-(C95))/(ABS((C95)))) -> 0.19656467
A96: 02-7073 CLP Paralegal Roman | B96: =21548.16 -> 21548.16 | C96: =17632 -> 17632 | D96: =(B96)-(C96) -> 3916.16 | E96: =IF(ABS((C96))=0,"",((B96)-(C96))/(ABS((C96)))) -> 0.22210526
A97: 02-7074 CLP Staff Attorney Campozano | B97: =36112.64 -> 36112.64 | C97: =27300 -> 27300 | D97: =(B97)-(C97) -> 8812.64 | E97: =IF(ABS((C97))=0,"",((B97)-(C97))/(ABS((C97)))) -> 0.32280733
A98: 02-7075 CLP Staff Attorney Wisbaum (formerly Arango-Valencia) | B98: =27500 -> 27500 | C98: =19791.67 -> 19791.67 | D98: =(B98)-(C98) -> 7708.33 | E98: =IF(ABS((C98))=0,"",((B98)-(C98))/(ABS((C98)))) -> 0.38947345
A99: 02-7076 CLP Admin Assistant A. Aguilar | B99: =17720.16 -> 17720.16 | C99: =14355.2 -> 14355.2 | D99: =(B99)-(C99) -> 3364.96 | E99: =IF(ABS((C99))=0,"",((B99)-(C99))/(ABS((C99)))) -> 0.23440704
A100: 02-7077 CLP Sr. Staff Attorney Zamenhof/formerly Cueva | B100: =36666.64 -> 36666.64 | C100: =21079.55 -> 21079.55 | D100: =(B100)-(C100) -> 15587.09 | E100: =IF(ABS((C100))=0,"",((B100)-(C100))/(ABS((C100)))) -> 0.73944131
A101: 02-7078 CLP Paralegal Leon | B101: =10112 -> 10112 | C101: =9525 -> 9525 | D101: =(B101)-(C101) -> 587 | E101: =IF(ABS((C101))=0,"",((B101)-(C101))/(ABS((C101)))) -> 0.061627297
...

Sheet Cash Flow
A1: Neighbors Link Corp.
A2: Statement of Cash Flows
A3: January - April, 2025
B5: Total
A6: OPERATING ACTIVITIES
A7: Net Revenue | B7: =-669751.83 -> -669751.83
A8: Adjustments to reconcile Net Revenue to Net Cash provided by operations:
A9: 02-1200 Grants Receivable | B9: =491861.72 -> 491861.72
A10: Chase Visa | B10: =0 -> 0
A11: 02-2020 Accrued Expenses | B11: =0 -> 0
A12: Total Adjustments to reconcile Net Revenue to Net Cash provided by operations: | B12: =(((B8)+(B9))+(B10))+(B11) -> 491861.72
A13: Net cash provided by operating activities | B13: =(B7)+(B12) -> -177890.11
A14: FINANCING ACTIVITIES
A15: 02-2706 OTDA MAP Grant Deferred Revenue | B15: =1516.64 -> 1516.64
A16: 02-2710 Payable to ReSET | B16: =13776.84 -> 13776.84
A17: Net cash provided by financing activities | B17: =(B15)+(B16) -> 15293.48
A18: Net cash increase for period | B18: =(B13)+(B17) -> -162596.63
A19: Cash at beginning of period | B19: =10449150.4 -> 10449150
A20: Cash at end of period | B20: =(B18)+(B19) -> 10286554
A24: Tuesday, May 06, 2025 02:00:32 PM GMT-7

Sheet Statement of Financial Position
A1: Neighbors Link Corp.
A2: Statement of Financial Position
A3: As of April 30, 2025
B5: Total
A6: ASSETS
A7: Current Assets
A8: Bank Accounts
A9: 02-1000 Cash & equivalents
A10: 02-1010 TD Bank accounts
A11: 02-1011 TD Checking | B11: =781668.96 -> 781668.96
A12: 02-1012 TD Money Market | B12: =52278 -> 52278
A13: 02-1013 TD Checking Network | B13: =0 -> 0
A14: 02-1014 TD Bank- ReSet Acct | B14: =0 -> 0
A15: Total 02-1010 TD Bank accounts | B15: =((((B10)+(B11))+(B12))+(B13))+(B14) -> 833946.96
A16: 02-1020 Chase accounts
A17: 02-1021 BusinessPlus Checking | B17: =250 -> 250
A18: 02-1022 Business High Yield Savings | B18: =0 -> 0
A19: 02-1025 Chase/CD | B19: =266704.27 -> 266704.27
A20: Total 02-1020 Chase accounts | B20: =(((B16)+(B17))+(B18))+(B19) -> 266954.27
A21: 02-1030 San Antonio Bank Pre-funding Acct | B21: =14267.27 -> 14267.27
A22: 02-1040 Bank of American Checking | B22: =0 -> 0
A23: 02-1070 Schwab Accounts
A24: 02-1071 Schwab - Moore Account 1309-0708 | B24: =297612.56 -> 297612.56
A25: 02-1072 Schwab No Fee Account 8086-6714 | B25: =0 -> 0
A26: 02-1073 Schwab Advisory Account 3615-9605 | B26: =2731954.75 -> 2731954.8
A27: 02-1074 Schwab - Benestar 6600-3230 | B27: =209220.74 -> 209220.74
A28: 02-1075 Schwab - GMAS 7637-0541 | B28: =322750.12 -> 322750.12
A29: 02-1076 Moore Fund- GMAS 8973-6111 | B29: =125268.52 -> 125268.52
A30: 02-1077 Moore -Benestar 4364-4397 | B30: =75758.21 -> 75758.21
A31: 02-1078 Schwab Cash and Money Market Balances | B31: =0 -> 0
A32: 02-1079 Unrealized Gains/Losses on Investments | B32: =0 -> 0
A33: 02-1080 Schwab Account ending 1296 | B33: =5179302.41 -> 5179302.4
A34: 02-1081 Schwab ReSET Acct 171 | B34: =229517.96 -> 229517.96
A35: Total 02-1070 Schwab Accounts | B35: =(((((((((((B23)+(B24))+(B25))+(B26))+(B27))+(B28))+(B29))+(B30))+(B31))+(B32))+(B33))+(B34) -> 9171385.3
A36: 02-1090 Merrill Lynch accounts
A37: 02-1091 Merrill Lynch Money Market | B37: =0 -> 0
A38: 02-1092 Merrill Lynch CD Ladder | B38: =0 -> 0
A39: 02-1093 Merrill Lynch Equities | B39: =0 -> 0
A40: Total 02-1090 Merrill Lynch accounts | B40: =(((B36)+(B37))+(B38))+(B39) -> 0
A41: 02-1099 Undeposited Funds. | B41: =0 -> 0
A42: Total 02-1000 Cash & equivalents | B42: =(((((((B9)+(B15))+(B20))+(B21))+(B22))+(B35))+(B40))+(B41) -> 10286554
A43: Total Bank Accounts | B43: =B42 -> 10286554
A44: Other Current Assets
A45: 02-1200 Grants Receivable | B45: =892904 -> 892904
A46: 02-1300 Pledge Receivable | B46: =20000 -> 20000
A47: 02-1499 Undeposited Funds | B47: =0 -> 0
A48: 02-1510 Prepaid insurance | B48: =55754 -> 55754
A49: 02-1520 Prepaid expenses | B49: =21835.57 -> 21835.57
A50: 02-1550 Rent Security Deposit | B50: =91476.07 -> 91476.07
A51: 02-1560 Other Current Assets | B51: =955 -> 955
A52: 02-1570 Interest Receivable | B52: =0 -> 0
A53: Uncategorized Asset | B53: =0 -> 0
A54: Total Other Current Assets | B54: =((((((((B45)+(B46))+(B47))+(B48))+(B49))+(B50))+(B51))+(B52))+(B53) -> 1082924.6
A55: Total Current Assets | B55: =(B43)+(B54) -> 11369478
A56: Fixed Assets
A57: 02-1600 Fixed assets
A58: 02-1610 Automobile | B58: =0 -> 0
A59: 02-1620 Leasehold improvements | B59: =874752.51 -> 874752.51
A60: 02-1630 Computers & equipment | B60: =282470 -> 282470
A61: 02-1640 Furniture & fixtures | B61: =122714.22 -> 122714.22
A62: Total 02-1600 Fixed assets | B62: =((((B57)+(B58))+(B59))+(B60))+(B61) -> 1279936.7
A63: 02-1700 Accumulated depreciation
A64: 02-1710 Automobile deprec | B64: =0 -> 0
A65: 02-1720 Leasehold improvements deprec | B65: =-241298 -> -241298
A66: 02-1730 Computers & equipment deprec | B66: =-239677 -> -239677
A67: 02-1740 Furnitures & fixtures deprec | B67: =-111151 -> -111151
A68: Total 02-1700 Accumulated depreciation | B68: =((((B63)+(B64))+(B65))+(B66))+(B67) -> -592126
A69: Total Fixed Assets | B69: =(B62)+(B68) -> 687810.73
A70: Other Assets
A71: 02-1750 Right of Use Asset | B71: =1148869.54 -> 1148869.5
A72: 02-1760 Note Receivable | B72: =510036.06 -> 510036.06
A73: Total Other Assets | B73: =(B71)+(B72) -> 1658905.6
A74: TOTAL ASSETS | B74: =((B55)+(B69))+(B73) -> 13716195
A75: LIABILITIES AND EQUITY
A76: Liabilities
A77: Current Liabilities
A78: Credit Cards
A79: Chase Visa | B79: =0 -> 0
A80: Total Credit Cards | B80: =B79 -> 0
A81: Other Current Liabilities
A82: 02-2020 Accrued Expenses | B82: =289253.71 -> 289253.71
A83: 02-2100 Withholding | B83: =0 -> 0
A84: 02-2110 Federal income tax | B84: =0 -> 0
A85: 02-2120 Medicare | B85: =0 -> 0
A86: 02-2130 State disability insurance | B86: =0 -> 0
A87: 02-2140 State income tax | B87: =0 -> 0
A88: 02-2150 Social Security | B88: =0 -> 0
A89: Total 02-2100 Withholding | B89: =(((((B83)+(B84))+(B85))+(B86))+(B87))+(B88) -> 0
A90: 02-2510 Employee loans payable | B90: =0 -> 0
A91: 02-2513 State Disability Insurance - NY | B91: =0 -> 0
A92: 02-2707 Deferred Revenue | B92: =92250 -> 92250
A93: Total Other Current Liabilities | B93: =((((B82)+(B89))+(B90))+(B91))+(B92) -> 381503.71
A94: Total Current Liabilities | B94: =(B80)+(B93) -> 381503.71
A95: Long-Term Liabilities
A96: 02-2700 PPP Notes Payable | B96: =0 -> 0
A97: 02-2705 IDA Storm Relief Deferred Revenue | B97: =0 -> 0
A98: 02-2706 OTDA MAP Grant Deferred Revenue | B98: =1516.64 -> 1516.64
A99: 02-2710 Payable to ReSET | B99: =281795.96 -> 281795.96
A100: 02-2720 Right of Use Liability | B100: =1198920.73 -> 1198920.7
A101: Total Long-Term Liabilities | B101: =((((B96)+(B97))+(B98))+(B99))+(B100) -> 1482233.3
...

Sheet Budget
A1: Neighbors Link Corp.
A2: Budget vs. Actuals: Budget_FY25_P&L - FY25 P&L Classes
A3: January - April, 2025
B5: Total
B6: Actual | C6: Budget | D6: over Budget | E6: % of Budget
A7: Revenue
A8: 02-4 Contributions & support | D8: =(B8)-(C8) -> 0 | E8: =IF(C8=0,"",(B8)/(C8))
A9: 02-4000 Contributions | D9: =(B9)-(C9) -> 0 | E9: =IF(C9=0,"",(B9)/(C9))
A10: 02-4010 Donations | B10: =263263.13 -> 263263.13 | C10: =347335 -> 347335 | D10: =(B10)-(C10) -> -84071.87 | E10: =IF(C10=0,"",(B10)/(C10)) -> 0.75795163
A11: 02-4040 Restricted Donations | C11: =0 -> 0 | D11: =(B11)-(C11) -> 0 | E11: =IF(C11=0,"",(B11)/(C11))
A12: Total 02-4000 Contributions | B12: =((B9)+(B10))+(B11) -> 263263.13 | C12: =((C9)+(C10))+(C11) -> 347335 | D12: =(B12)-(C12) -> -84071.87 | E12: =IF(C12=0,"",(B12)/(C12)) -> 0.75795163
A13: 02-4110 Restricted Estate Gifts | C13: =0 -> 0 | D13: =(B13)-(C13) -> 0 | E13: =IF(C13=0,"",(B13)/(C13))
A14: 02-4120 Campaign | B14: =248250 -> 248250 | C14: =200250 -> 200250 | D14: =(B14)-(C14) -> 48000 | E14: =IF(C14=0,"",(B14)/(C14)) -> 1.2397004
A15: 02-4130 Restricted Campaign | B15: =10000 -> 10000 | D15: =(B15)-(C15) -> 10000 | E15: =IF(C15=0,"",(B15)/(C15))
A16: 02-4200 Annual Appeal | B16: =89008 -> 89008 | D16: =(B16)-(C16) -> 89008 | E16: =IF(C16=0,"",(B16)/(C16))
A17: 02-4210 Prior year appeal | C17: =89008 -> 89008 | D17: =(B17)-(C17) -> -89008 | E17: =IF(C17=0,"",(B17)/(C17)) -> 0
A18: Total 02-4200 Annual Appeal | B18: =(B16)+(B17) -> 89008 | C18: =(C16)+(C17) -> 89008 | D18: =(B18)-(C18) -> 0 | E18: =IF(C18=0,"",(B18)/(C18)) -> 1
A19: 02-4400 Matching funds | B19: =14130 -> 14130 | C19: =17940 -> 17940 | D19: =(B19)-(C19) -> -3810 | E19: =IF(C19=0,"",(B19)/(C19)) -> 0.78762542
A20: 02-4500 Organizations | D20: =(B20)-(C20) -> 0 | E20: =IF(C20=0,"",(B20)/(C20))
A21: 02-4510 Faith organizations | B21: =17511.42 -> 17511.42 | C21: =10374.17 -> 10374.17 | D21: =(B21)-(C21) -> 7137.25 | E21: =IF(C21=0,"",(B21)/(C21)) -> 1.6879827
A22: 02-4520 Community organizations | B22: =2965.46 -> 2965.46 | C22: =0 -> 0 | D22: =(B22)-(C22) -> 2965.46 | E22: =IF(C22=0,"",(B22)/(C22))
A23: Total 02-4500 Organizations | B23: =((B20)+(B21))+(B22) -> 20476.88 | C23: =((C20)+(C21))+(C22) -> 10374.17 | D23: =(B23)-(C23) -> 10102.71 | E23: =IF(C23=0,"",(B23)/(C23)) -> 1.9738331
A24: 02-4600 Grants | D24: =(B24)-(C24) -> 0 | E24: =IF(C24=0,"",(B24)/(C24))
A25: 02-4610 Grants restricted | B25: =68717.37 -> 68717.37 | D25: =(B25)-(C25) -> 68717.37 | E25: =IF(C25=0,"",(B25)/(C25))
A26: 02-4616 OTDA MAP Grant Restricted | B26: =980525.54 -> 980525.54 | C26: =972638.06 -> 972638.06 | D26: =(B26)-(C26) -> 7887.48 | E26: =IF(C26=0,"",(B26)/(C26)) -> 1.0081094
A27: 02-4620 Grants unrestricted | B27: =835000 -> 835000 | C27: =664250 -> 664250 | D27: =(B27)-(C27) -> 170750 | E27: =IF(C27=0,"",(B27)/(C27)) -> 1.2570568
A28: 02-4650 Government grants | B28: =808503.29 -> 808503.29 | C28: =1296316.97 -> 1296317 | D28: =(B28)-(C28) -> -487813.68 | E28: =IF(C28=0,"",(B28)/(C28)) -> 0.62369259
A29: Total 02-4600 Grants | B29: =((((B24)+(B25))+(B26))+(B27))+(B28) -> 2692746.2 | C29: =((((C24)+(C25))+(C26))+(C27))+(C28) -> 2933205 | D29: =(B29)-(C29) -> -240458.83 | E29: =IF(C29=0,"",(B29)/(C29)) -> 0.91802181
A30: Total 02-4 Contributions & support | B30: =((((((((B8)+(B12))+(B13))+(B14))+(B15))+(B18))+(B19))+(B23))+(B29) -> 3337874.2 | C30: =((((((((C8)+(C12))+(C13))+(C14))+(C15))+(C18))+(C19))+(C23))+(C29) -> 3598112.2 | D30: =(B30)-(C30) -> -260237.99 | E30: =IF(C30=0,"",(B30)/(C30)) -> 0.92767374
A31: 02-5 Earned revenue | D31: =(B31)-(C31) -> 0 | E31: =IF(C31=0,"",(B31)/(C31))
A32: 02-5100 Program income | D32: =(B32)-(C32) -> 0 | E32: =IF(C32=0,"",(B32)/(C32))
A33: 02-5130 Learning Links | B33: =3530 -> 3530 | C33: =10000 -> 10000 | D33: =(B33)-(C33) -> -6470 | E33: =IF(C33=0,"",(B33)/(C33)) -> 0.353
A34: 02-5134 Summer Links | C34: =0 -> 0 | D34: =(B34)-(C34) -> 0 | E34: =IF(C34=0,"",(B34)/(C34))
A35: Total 02-5130 Learning Links | B35: =(B33)+(B34) -> 3530 | C35: =(C33)+(C34) -> 10000 | D35: =(B35)-(C35) -> -6470 | E35: =IF(C35=0,"",(B35)/(C35)) -> 0.353
A36: 02-5131 ESL | B36: =1235 -> 1235 | C36: =2000 -> 2000 | D36: =(B36)-(C36) -> -765 | E36: =IF(C36=0,"",(B36)/(C36)) -> 0.6175
A37: 02-5137 EcoClean | B37: =1035 -> 1035 | D37: =(B37)-(C37) -> 1035 | E37: =IF(C37=0,"",(B37)/(C37))
A38: 02-5190 Other Program Income | B38: =2110 -> 2110 | D38: =(B38)-(C38) -> 2110 | E38: =IF(C38=0,"",(B38)/(C38))
A39: Total 02-5100 Program income | B39: =((((B32)+(B35))+(B36))+(B37))+(B38) -> 7910 | C39: =((((C32)+(C35))+(C36))+(C37))+(C38) -> 12000 | D39: =(B39)-(C39) -> -4090 | E39: =IF(C39=0,"",(B39)/(C39)) -> 0.65916667
A40: 02-5200 Special events | D40: =(B40)-(C40) -> 0 | E40: =IF(C40=0,"",(B40)/(C40))
A41: 02-5210 Spring Benefit | D41: =(B41)-(C41) -> 0 | E41: =IF(C41=0,"",(B41)/(C41))
A42: 02-5211 Sponsors | B42: =140625.66 -> 140625.66 | C42: =100000 -> 100000 | D42: =(B42)-(C42) -> 40625.66 | E42: =IF(C42=0,"",(B42)/(C42)) -> 1.4062566
A43: 02-5212 Tickets | B43: =10750 -> 10750 | C43: =0 -> 0 | D43: =(B43)-(C43) -> 10750 | E43: =IF(C43=0,"",(B43)/(C43))
A44: 02-5213 Contributions | B44: =42270 -> 42270 | C44: =0 -> 0 | D44: =(B44)-(C44) -> 42270 | E44: =IF(C44=0,"",(B44)/(C44))
A45: 02-5215 Other Spring Benefit | C45: =0 -> 0 | D45: =(B45)-(C45) -> 0 | E45: =IF(C45=0,"",(B45)/(C45))
A46: Total 02-5210 Spring Benefit | B46: =((((B41)+(B42))+(B43))+(B44))+(B45) -> 193645.66 | C46: =((((C41)+(C42))+(C43))+(C44))+(C45) -> 100000 | D46: =(B46)-(C46) -> 93645.66 | E46: =IF(C46=0,"",(B46)/(C46)) -> 1.9364566
A47: 02-5220 Fall Fundraiser | D47: =(B47)-(C47) -> 0 | E47: =IF(C47=0,"",(B47)/(C47))
A48: 02-5221 Sponsors | C48: =0 -> 0 | D48: =(B48)-(C48) -> 0 | E48: =IF(C48=0,"",(B48)/(C48))
A49: 02-5223 Contributions | C49: =0 -> 0 | D49: =(B49)-(C49) -> 0 | E49: =IF(C49=0,"",(B49)/(C49))
A50: 02-5226 Tickets | C50: =0 -> 0 | D50: =(B50)-(C50) -> 0 | E50: =IF(C50=0,"",(B50)/(C50))
A51: Total 02-5220 Fall Fundraiser | B51: =(((B47)+(B48))+(B49))+(B50) -> 0 | C51: =(((C47)+(C48))+(C49))+(C50) -> 0 | D51: =(B51)-(C51) -> 0 | E51: =IF(C51=0,"",(B51)/(C51))
A52: Total 02-5200 Special events | B52: =((B40)+(B46))+(B51) -> 193645.66 | C52: =((C40)+(C46))+(C51) -> 100000 | D52: =(B52)-(C52) -> 93645.66 | E52: =IF(C52=0,"",(B52)/(C52)) -> 1.9364566
A53: 02-5400 Rental income | D53: =(B53)-(C53) -> 0 | E53: =IF(C53=0,"",(B53)/(C53))
A54: 02-5420 Chairs & tables | B54: =407 -> 407 | D54: =(B54)-(C54) -> 407 | E54: =IF(C54=0,"",(B54)/(C54))
A55: Total 02-5400 Rental income | B55: =(B53)+(B54) -> 407 | C55: =(C53)+(C54) -> 0 | D55: =(B55)-(C55) -> 407 | E55: =IF(C55=0,"",(B55)/(C55))
A56: Total 02-5 Earned revenue | B56: =(((B31)+(B39))+(B52))+(B55) -> 201962.66 | C56: =(((C31)+(C39))+(C52))+(C55) -> 112000 | D56: =(B56)-(C56) -> 89962.66 | E56: =IF(C56=0,"",(B56)/(C56)) -> 1.803238
A57: 02-6 Other Revenue | D57: =(B57)-(C57) -> 0 | E57: =IF(C57=0,"",(B57)/(C57))
A58: 02-6200 Miscellaneous Income | B58: =5422.63 -> 5422.63 | D58: =(B58)-(C58) -> 5422.63 | E58: =IF(C58=0,"",(B58)/(C58))
A59: Total 02-6 Other Revenue | B59: =(B57)+(B58) -> 5422.63 | C59: =(C57)+(C58) -> 0 | D59: =(B59)-(C59) -> 5422.63 | E59: =IF(C59=0,"",(B59)/(C59))
A60: Total Revenue | B60: =((B30)+(B56))+(B59) -> 3545259.5 | C60: =((C30)+(C56))+(C59) -> 3710112.2 | D60: =(B60)-(C60) -> -164852.7 | E60: =IF(C60=0,"",(B60)/(C60)) -> 0.95556665
A61: Gross Profit | B61: =(B60)-(0) -> 3545259.5 | C61: =(C60)-(0) -> 3710112.2 | D61: =(B61)-(C61) -> -164852.7 | E61: =IF(C61=0,"",(B61)/(C61)) -> 0.95556665
A62: Expenditures
A63: 02-7 Personnel expenses | D63: =(B63)-(C63) -> 0 | E63: =IF(C63=0,"",(B63)/(C63))
A64: 02-7000 Salary & payroll | D64: =(B64)-(C64) -> 0 | E64: =IF(C64=0,"",(B64)/(C64))
A65: 02-7001 Executive Director Bracco | B65: =107291.69 -> 107291.69 | C65: =107291.66 -> 107291.66 | D65: =(B65)-(C65) -> 0.03 | E65: =IF(C65=0,"",(B65)/(C65)) -> 1.0000003
A66: 02-7002 Finance | B66: =115047.46 -> 115047.46 | C66: =115047.46 -> 115047.46 | D66: =(B66)-(C66) -> 0 | E66: =IF(C66=0,"",(B66)/(C66)) -> 1
A67: 02-7003 Chief of Strategy and Development | B67: =47395.83 -> 47395.83 | C67: =47395.83 -> 47395.83 | D67: =(B67)-(C67) -> 0 | E67: =IF(C67=0,"",(B67)/(C67)) -> 1
A68: 02-7010 Development Director Vogel | B68: =38812.64 -> 38812.64 | C68: =38812.64 -> 38812.64 | D68: =(B68)-(C68) -> 0 | E68: =IF(C68=0,"",(B68)/(C68)) -> 1
A69: 02-7012 Comm and Social Media Mgr Graves-Abe | B69: =24889.83 -> 24889.83 | C69: =24204.63 -> 24204.63 | D69: =(B69)-(C69) -> 685.2 | E69: =IF(C69=0,"",(B69)/(C69)) -> 1.0283086
A70: 02-7013 Development Assistant Besio | B70: =26037.36 -> 26037.36 | C70: =26037.36 -> 26037.36 | D70: =(B70)-(C70) -> 0 | E70: =IF(C70=0,"",(B70)/(C70)) -> 1
A71: 02-7014 Volunteer Manager Valdovinos/formerly Palomino | B71: =16731.84 -> 16731.84 | C71: =16731.84 -> 16731.84 | D71: =(B71)-(C71) -> 0 | E71: =IF(C71=0,"",(B71)/(C71)) -> 1
A72: 02-7016 Volunteer and Case Support Coordinator Katz | B72: =8235 -> 8235 | C72: =10020 -> 10020 | D72: =(B72)-(C72) -> -1785 | E72: =IF(C72=0,"",(B72)/(C72)) -> 0.82185629
A73: 02-7017 Case Coordinator Blanco | B73: =19376.64 -> 19376.64 | C73: =19376.64 -> 19376.64 | D73: =(B73)-(C73) -> 0 | E73: =IF(C73=0,"",(B73)/(C73)) -> 1
A74: 02-7020 Director Ops & Community Development Granda | B74: =43333.36 -> 43333.36 | C74: =43333.36 -> 43333.36 | D74: =(B74)-(C74) -> 0 | E74: =IF(C74=0,"",(B74)/(C74)) -> 1
A75: 02-7022 Operations Coordinator Zumba | B75: =21214.05 -> 21214.05 | C75: =20650.32 -> 20650.32 | D75: =(B75)-(C75) -> 563.73 | E75: =IF(C75=0,"",(B75)/(C75)) -> 1.0272989
A76: 02-7024 WC and Facilities Mgr Arce/formerly Delgado | B76: =20381.19 -> 20381.19 | C76: =20265.47 -> 20265.47 | D76: =(B76)-(C76) -> 115.72 | E76: =IF(C76=0,"",(B76)/(C76)) -> 1.0057102
A77: 02-7025 Operations Staff Marquez | B77: =13651.79 -> 13651.79 | C77: =13615.83 -> 13615.83 | D77: =(B77)-(C77) -> 35.96 | E77: =IF(C77=0,"",(B77)/(C77)) -> 1.002641
A78: 02-7027 Operations Staff Other | B78: =25161.83 -> 25161.83 | C78: =26529.67 -> 26529.67 | D78: =(B78)-(C78) -> -1367.84 | E78: =IF(C78=0,"",(B78)/(C78)) -> 0.94844112
A79: 02-7028 Admin Assistant Leiva/formerly Cordero | B79: =16286 -> 16286 | C79: =16286 -> 16286 | D79: =(B79)-(C79) -> 0 | E79: =IF(C79=0,"",(B79)/(C79)) -> 1
A80: 02-7030 ONA Program Manager Rincon | B80: =9935.89 -> 9935.89 | C80: =26666.64 -> 26666.64 | D80: =(B80)-(C80) -> -16730.75 | E80: =IF(C80=0,"",(B80)/(C80)) -> 0.37259625
A81: 02-7032 Program Coordinator Kelly Martinez | B81: =29333.36 -> 29333.36 | C81: =29333.36 -> 29333.36 | D81: =(B81)-(C81) -> 0 | E81: =IF(C81=0,"",(B81)/(C81)) -> 1
A82: 02-7033 Program Administrator Gillert | B82: =7210 -> 7210 | C82: =7073.16 -> 7073.16 | D82: =(B82)-(C82) -> 136.84 | E82: =IF(C82=0,"",(B82)/(C82)) -> 1.0193464
A83: 02-7034 Program Coordinator Rosa Martin | B83: =24868.08 -> 24868.08 | C83: =24873.2 -> 24873.2 | D83: =(B83)-(C83) -> -5.12 | E83: =IF(C83=0,"",(B83)/(C83)) -> 0.99979416
A84: 02-7035 Program Assistant Denisha Lopez | B84: =22752.24 -> 22752.24 | C84: =22752.24 -> 22752.24 | D84: =(B84)-(C84) -> 0 | E84: =IF(C84=0,"",(B84)/(C84)) -> 1
A85: 02-7036 Learning Links | B85: =37787 -> 37787 | C85: =26035.81 -> 26035.81 | D85: =(B85)-(C85) -> 11751.19 | E85: =IF(C85=0,"",(B85)/(C85)) -> 1.4513472
A86: 02-7037 Summer Links | C86: =0 -> 0 | D86: =(B86)-(C86) -> 0 | E86: =IF(C86=0,"",(B86)/(C86))
A87: 02-7038 Administrative Asst Restrepo | B87: =27666.64 -> 27666.64 | C87: =27666.64 -> 27666.64 | D87: =(B87)-(C87) -> 0 | E87: =IF(C87=0,"",(B87)/(C87)) -> 1
A88: 02-7042 ESL Instructors | B88: =22220 -> 22220 | C88: =21418 -> 21418 | D88: =(B88)-(C88) -> 802 | E88: =IF(C88=0,"",(B88)/(C88)) -> 1.0374451
A89: 02-7049 Childcare Program Coordinator Vinansaca | B89: =19557.6 -> 19557.6 | C89: =19557.6 -> 19557.6 | D89: =(B89)-(C89) -> 0 | E89: =IF(C89=0,"",(B89)/(C89)) -> 1
A90: 02-7050 Family Center Director Rosado | B90: =33075.04 -> 33075.04 | C90: =33075.04 -> 33075.04 | D90: =(B90)-(C90) -> 0 | E90: =IF(C90=0,"",(B90)/(C90)) -> 1
A91: 02-7051 PAT Educator Quezada | B91: =19557.6 -> 19557.6 | C91: =19557.6 -> 19557.6 | D91: =(B91)-(C91) -> 0 | E91: =IF(C91=0,"",(B91)/(C91)) -> 1
A92: 02-7052 Case Manager Zambrano (formerly - PCT Personnel) | B92: =23427.36 -> 23427.36 | C92: =23427.36 -> 23427.36 | D92: =(B92)-(C92) -> 0 | E92: =IF(C92=0,"",(B92)/(C92)) -> 1
A93: 02-7058 Family Center Childcare | B93: =42176.5 -> 42176.5 | C93: =38036 -> 38036 | D93: =(B93)-(C93) -> 4140.5 | E93: =IF(C93=0,"",(B93)/(C93)) -> 1.1088574
A94: 02-7060 Program Coordinator S. Sanchez | B94: =20914.8 -> 20914.8 | C94: =20914.8 -> 20914.8 | D94: =(B94)-(C94) -> 0 | E94: =IF(C94=0,"",(B94)/(C94)) -> 1
A95: 02-7061 CLP Director Anderson | B95: =56000 -> 56000 | C95: =56000 -> 56000 | D95: =(B95)-(C95) -> 0 | E95: =IF(C95=0,"",(B95)/(C95)) -> 1
A96: 02-7062 CLP Manager Mastropolo | B96: =45666.64 -> 45666.64 | C96: =22833.32 -> 22833.32 | D96: =(B96)-(C96) -> 22833.32 | E96: =IF(C96=0,"",(B96)/(C96)) -> 2
A97: 02-7063 CLP Paralegal Bentancor (prev incl Molina) | B97: =22763.02 -> 22763.02 | C97: =22763 -> 22763 | D97: =(B97)-(C97) -> 0.02 | E97: =IF(C97=0,"",(B97)/(C97)) -> 1.0000009
A98: 02-7064 CLP Paralegal Molina | B98: =9448.12 -> 9448.12 | C98: =9622.12 -> 9622.12 | D98: =(B98)-(C98) -> -174 | E98: =IF(C98=0,"",(B98)/(C98)) -> 0.98191667
A99: 02-7067 CLP Paralegal Sacaza | B99: =20580.72 -> 20580.72 | C99: =20580.72 -> 20580.72 | D99: =(B99)-(C99) -> 0 | E99: =IF(C99=0,"",(B99)/(C99)) -> 1
A100: 02-7069 CLP Paralegal Tuquinagui | B100: =19898.64 -> 19898.64 | C100: =19898.64 -> 19898.64 | D100: =(B100)-(C100) -> 0 | E100: =IF(C100=0,"",(B100)/(C100)) -> 1
A101: 02-7070 CLP Sr. Staff Attorney Tonne-Daims | B101: =36666.64 -> 36666.64 | C101: =36666.64 -> 36666.64 | D101: =(B101)-(C101) -> 0 | E101: =IF(C101=0,"",(B101)/(C101)) -> 1
...
